 Seeded DCSS version 0.30-a0-760-g5a9884bb7c (webtiles) character file.

Game seed: 5430720872467839093 (custom seed)

27 Hubris850 the Conjurer (level 3, -6/19 HPs)
             Began as a Tengu Conjurer on Feb 10, 2023.
             Mangled by a necrophage (7 damage)
             ... on level 2 of the Dungeon.
             The game lasted 00:02:09 (1354 turns).

Hubris850 the Conjurer (Tengu Conjurer)             Turns: 1354, Time: 00:02:10

Health: -6/19      AC:  2    Str: 13    XL:     3   Next: 10%
Magic:  0/7        EV: 12    Int: 20    God:
Gold:   17         SH:  0    Dex: 12    Spells: 5/6 levels left

rFire   . . .      SeeInvis .    c - +0 short sword
rCold   + . .      Faith    .    (no shield)
rNeg    . . .      Spirit   .    a - +0 robe
rPois   .          Reflect  .    (helmet restricted)
rElec   .          Harm     .    (no cloak)
rCorr   .          Rampage  .    (no gloves)
Will    .....                    (boots unavailable)
Stlth   ++                       (no amulet)
HPRegen 0.23/turn                l - +6 ring of strength
MPRegen 0.10/turn                j - ring of protection from cold

@: no status effects
A: beak, talons 3
a: no special abilities


You were on level 2 of the Dungeon.
You visited 1 branch of the dungeon, and saw 2 of its levels.

You collected 45 gold pieces.
You spent 28 gold pieces at shops.

Inventory:

Hand Weapons
 c - a +0 short sword (weapon)
Armour
 a - a +0 robe (worn)
Jewellery
 j - a ring of protection from cold (right hand)
 l - a +6 ring of strength (left hand)
Scrolls
 e - a scroll of teleportation
 g - 2 scrolls of amnesia
 i - a scroll of noise {unknown}
 k - a scroll of torment {unknown}
 m - a scroll of brand weapon {unknown}
Potions
 b - a potion of magic
 d - a potion of mutation {unknown}
 f - a potion of attraction {unknown}
 h - 2 potions of curing


   Skills:
 + Level 2.6 Dodging
 + Level 2.4 Stealth
 + Level 2.3 Spellcasting
 + Level 5.7 Conjurations


You had 5 spell levels left.
You knew the following spells:

 Your Spells              Type           Power      Damage    Failure   Level
a - Magic Dart            Conj           100%       1d8       1%          1

Your spell library contained the following spells:

 Spells                   Type           Power      Damage    Failure   Level
 Searing Ray              Conj           50%        2d6       2%          2
 Dazzling Flash           Conj/Hex       26%        N/A       14%         3
 Fulminant Prism          Conj/Hex       6%         3d7       43%         4
 Iskenderun's Mystic Bla  Conj/Tloc      13%        2d5       43%         4


Dungeon Overview and Level Annotations

Branches:
Dungeon (2/15)

Altars:

Shops:
D:2 ?


Innate Abilities, Weirdness & Mutations

You have a beak for a mouth.
You have claws for feet.


Message History

Found a robe.
j - a ring of protection from cold (right hand)
You see here a +0 robe.
A necrophage comes into view.
The magic dart hits the necrophage but does no damage.
The necrophage hits you.
The magic dart hits the necrophage but does no damage.
The necrophage hits you but does no damage.
The magic dart hits the necrophage.
The necrophage is moderately damaged.
The necrophage hits you.
The magic dart hits the necrophage.
The necrophage is heavily damaged.
The necrophage hits you but does no damage.
The magic dart hits the necrophage.
The necrophage is heavily damaged.
The necrophage hits you.
You are too injured to fight recklessly!
You are too injured to fight recklessly!
Casting: Magic Dart (safe; 1% risk of failure)
Confirm with . or Enter, or press ? or * to list all spells.
Aiming: Magic Dart (safe; 1% risk of failure)
Press: ? - help, Shift-Dir - straight line, f/p - necrophage
Aim: a necrophage (heavily damaged, 100% to hit)
The magic dart hits the necrophage.
The necrophage is severely damaged.
The necrophage hits you.
* * * LOW HITPOINT WARNING * * *
Casting: Magic Dart (safe; 1% risk of failure)
Confirm with . or Enter, or press ? or * to list all spells.
Aiming: Magic Dart (safe; 1% risk of failure)
Press: ? - help, Shift-Dir - straight line, f/p - necrophage
Aim: a necrophage (severely damaged, 100% to hit)
The magic dart hits the necrophage but does no damage.
The necrophage is severely damaged.
The necrophage hits you but does no damage.
You completely miss the necrophage. You claw the necrophage.
The necrophage is almost destroyed.
The necrophage hits you!
You die...

#########
......n.#
#@# #.#
#.# #.#
#.###
#...#
###.# #.#
#.#


You could see a necrophage.

Vanquished Creatures
  A bat (D:1)
  4 endoplasms
  A hobgoblin (D:1)
  4 jackals (D:1)
  4 kobolds (D:1)
  2 quokkas (D:1)
  2 ball pythons (D:1)
  3 goblins
  A rat (D:1)
22 creatures vanquished.

Notes
Turn   | Place    | Note
-------+----------+-------------------------------------------
     0 | D:1      | Hubris850 the Tengu Conjurer began the quest for the Orb.
     0 | D:1      | Reached XP level 1. HP: 10/10 MP: 4/4
   139 | D:1      | Reached XP level 2. HP: 10/15 MP: 1/6
  1063 | D:1      | Reached XP level 3. HP: 19/19 MP: 4/7
  1247 | D:2      | Found Doddoiw's Magic Scroll Shoppe.
  1252 | D:2      | Bought a scroll of identify for 28 gold pieces
  1346 | D:2      | Noticed a necrophage
  1354 | D:2      | Mangled by a necrophage

Illustrated notes

Levels and vault maps discovered:
D:1:      dpeg_arrival_boxes_within_box, layout_basic
D:2:      layout_loops_ring, serial_shops, shop, nicolae_kite_square_tiling_tiny

Action                     || total
---------------------------++-------
  Melee: Short sword       ||     7
         Kick              ||     2
   Cast: Magic Dart        ||    44
    Use: Scroll            ||     3
 Armour: Robe              ||     3
  Dodge: Dodged            ||     4

Table legend: (Time is in decaauts)
 A = Elapsed time spent in this place.
 B = Non-inter-level travel time spent in this place.
 C = Inter-level travel time spent in this place.
 D = Time resting spent in this place.
 E = Time spent auto-exploring this place.
 F = Levels seen in this place.
 G = Mean time per level.
                   A        B        C        D        E       F      G
               +--------+--------+--------+--------+--------+-----+--------+
         Total |   1352 |   1281 |     71 |     79 |   1094 |   2 |  676.0 |
       Dungeon |   1352 |   1281 |     71 |     79 |   1094 |   2 |  676.0 |
               +--------+--------+--------+--------+--------+-----+--------+

Top non-repeatable levels by time:
     D:1: 1203 daAuts
     D:2: 149 daAuts
